 Dungeon Crawl Stone Soup version 0.30-b1-2-g02819fbbbe (webtiles) character file.

Game seed: 10864869779174718142

654355 graymark the Slayer (level 26, -7/217 (231) HPs)
             Began as a Demonspawn Fighter on May 16, 2023.
             Was the Champion of Makhleb.
             Killed from afar by a Brimstone Fiend (33 damage)
             ... with damnation
             ... in Pandemonium on May 23, 2023.
             The game lasted 11:14:49 (85300 turns).

graymark the Slayer (Demonspawn Fighter)           Turns: 85300, Time: 11:14:49

HP:   -7/217 (231)  AC: 52    Str: 20      XL:     26   Next: 85%
MP:   29/29         EV: 23    Int: 11 (12) God:    Makhleb [******]
Gold: 2728          SH: 42    Dex: 29      Spells: 25/25 levels left

rFire   + + .        r - +10 broad axe "Yripiuc" {pain, rF+ rCorr Dex+5}
rCold   + + +        x - +1 tower shield {AC+3}
rNeg    . . .        G - +11 gold dragon scales
rPois   +            (helmet restricted)
rElec   +            f - +1 cloak "Trusted Companion" {+Blink rC+ Str-5 Dex+7}
rCorr   +            (gloves unavailable)
SInv    .            M - +2 pair of boots
Will    ++...        a - amulet of reflection Stlth
                     c - ring of Sosemeq {Will+ Dex+5}
HPRegen 0.56/turn    y - ring "Hilavotaz" {Fly rElec rPois MP-9}
MPRegen 0.21/turn

%: reflection
@: mighty, agile, flying, studying 2 skills, drained
A: claws 3, large bone plates 3, icemail 2, powered by pain 3, black mark,
condensation shield, bedeviling, aura of silence, beak, cold resistance 1,
deterioration 1, dopey 1, no potion heal 1
}: 5/15 runes: decaying, slimy, silver, abyssal, gossamer
a: Renounce Religion, Evoke Blink, Minor Destruction, Lesser Servant of Makhleb,
Major Destruction, Greater Servant of Makhleb


You were in Pandemonium.
You worshipped Makhleb.
Makhleb was exalted by your worship.
You visited 11 branches of the dungeon, and saw 51 of its levels.
You visited Pandemonium 1 time, and saw 2 of its levels.
You visited the Abyss 5 times.
You visited 1 bazaar.
You also visited: Desolation.

You collected 8558 gold pieces.
You spent 5830 gold pieces at shops.

Inventory:

Hand Weapons
 d - the +9 great mace "Qikasa Weuph" {spect, rC++}
   (You took it off a vault sentinel on level 5 of the Vaults)

   rC:        It greatly protects you from cold.
 q - the +6 war axe "Jicoclen" {heavy, rF+ Str-2 Dex+3 Stlth+}
   (You took it off a frost giant on level 5 of the Vaults)

   Str:       It affects your strength (-2).
   Dex:       It affects your dexterity (+3).
   rF:        It protects you from fire.
   Stlth:     It makes you more stealthy.
 r - the +10 broad axe "Yripiuc" (weapon) {pain, rF+ rCorr Dex+5}
   (You bought it in a shop on level 2 of the Orcish Mines)

   Dex:       It affects your dexterity (+5).
   rF:        It protects you from fire.
   rCorr:     It protects you from acid and corrosion.
 v - a +3 trident of flaming
 T - a +1 trident of freezing
Armour
 f - the +1 cloak "Trusted Companion" (worn) {+Blink rC+ Str-5 Dex+7}
   (You found it on level 3 of the Depths)

   Str:       It affects your strength (-5).
   Dex:       It affects your dexterity (+7).
   rC:        It protects you from cold.
   +Blink:    It lets you blink.
 h - a +0 helmet of see invisible
 k - the +2 helmet "Hoeliwk" {rF+ rC+ rCorr Str-4}
   (You found it on level 5 of the Pits of Slime)

   Str:       It affects your strength (-4).
   rF:        It protects you from fire.
   rC:        It protects you from cold.
   rCorr:     It protects you from acid and corrosion.
 s - the +0 helmet "Raofeeg" {Str+4}
   (You found it on level 2 of the Crypt)

   Str:       It affects your strength (+4).
 x - a +1 tower shield of protection (worn)
 F - the +0 scale mail of the Zebra {rN++ Str-3 Int+4}
   (You found it on level 8 of the Dungeon)

   Str:       It affects your strength (-3).
   Int:       It affects your intelligence (+4).
   rN:        It greatly protects you from negative energy.
 G - +11 gold dragon scales (worn)
 J - a +2 cloak
 M - a +2 pair of boots (worn)
Jewellery
 a - an amulet of reflection (around neck)
 c - the ring of Sosemeq (left claw) {Will+ Dex+5}
   (You bought it in a shop on level 4 of the Depths)

   [ring of willpower]

   Dex:       It affects your dexterity (+5).
   Will:      It increases your willpower.
 y - the ring "Hilavotaz" (right claw) {Fly rElec rPois MP-9}
   (You acquired it on level 1 of the Lair of Beasts)

   [ring of flight]

   rElec:     It insulates you from electricity.
   rPois:     It protects you from poison.
   MP:        It affects your magic capacity (-9).
   Fly:       It grants you flight.
 A - the ring of the Will of the Gods {rF+ rC+ rN+ rCorr}
   (You found it on level 3 of the Crypt)

   [ring of positive energy]

   rF:        It protects you from fire.
   rC:        It protects you from cold.
   rN:        It protects you from negative energy.
   rCorr:     It protects you from acid and corrosion.
 N - the ring of Relativism {+Blink rElec rPois AC+4}
   (You took it off a yaktaur captain on level 5 of the Vaults)

   [ring of protection]

   AC:        It affects your AC (+4).
   rElec:     It insulates you from electricity.
   rPois:     It protects you from poison.
   +Blink:    It lets you blink.
 V - the ring "Rawolomo" {rF+ EV+5 Int+4}
   (You took it off a deep elf sorcerer on level 3 of the Elven Halls)

   [ring of evasion]

   EV:        It affects your evasion (+5).
   Int:       It affects your intelligence (+4).
   rF:        It protects you from fire.
 Y - the dreamshard necklace {*Dream Drain}
   (You found it on level 5 of the Lair of Beasts)

   [amulet of nothing]

   *Dream:    It shatters if its wearer takes lethal or near-lethal damage,
   preventing the blow and releasing protective dreams that heal and fight for
   the wearer.
   Drain:     It drains your maximum health when unequipped.
Wands
 b - a wand of flame (80) (quivered)
 z - a wand of digging (50)
 L - a wand of paralysis (63)
 O - a wand of acid (22)
Scrolls
 g - 7 scrolls of immolation
 l - 9 scrolls of blinking
 p - 16 scrolls of teleportation
 t - 7 scrolls of vulnerability
 u - 12 scrolls of enchant weapon
 E - 6 scrolls of poison
 H - 11 scrolls of fog
 S - 6 scrolls of silence
 U - 5 scrolls of fear
 Z - 3 scrolls of butterflies
Potions
 e - a potion of brilliance
 i - 2 potions of cancellation
 j - 7 potions of attraction
 m - 6 potions of haste
 n - 4 potions of invisibility
 o - 22 potions of curing
 B - 9 potions of magic
 C - 7 potions of berserk rage
 I - 7 potions of ambrosia
 Q - 3 potions of resistance
 W - 7 potions of might
 X - 6 potions of heal wounds
Miscellaneous
 D - a lightning rod (4/4)
 K - a tin of tremorstones (2/2)
 P - a phantom mirror


   Skills:
 - Level 24.0 Fighting
 - Level 17.5(18.5) Axes
 - Level 10.0(14.9) Polearms
 + Level 21.5 Armour
 + Level 22.8 Dodging
 + Level 16.6 Shields
 - Level 22.3 Invocations


You had 25 spell levels left.
You didn't know any spells.
Your spell library contained the following spells:

 Spells                   Type           Power      Damage    Failure   Level
 Apportation              Tloc           0%         N/A       100%        1
 Beastly Appendage        Tmut           0%         N/A       100%        1
 Foxfire                  Conj/Fire      0%         2x1d4     100%        1
 Freeze                   Ice            0%         1d3       100%        1
 Magic Dart               Conj           0%         1d3       100%        1
 Necrotise                Necr           0%         1d4       100%        1
 Sandblast                Erth           0%         2d4       100%        1
 Slow                     Hex            0%         N/A       100%        1
 Summon Small Mammal      Summ           0%         N/A       100%        1
 Blink                    Tloc           0%         N/A       100%        2
 Call Imp                 Summ           0%         N/A       100%        2
 Cigotuvi's Dreadful Rot  Necr/Pois/Air  0%         N/A       100%        2
 Ensorcelled Hibernation  Hex/Ice        0%         N/A       100%        2
 Lesser Beckoning         Tloc           0%         N/A       100%        2
 Passwall                 Tmut/Erth      0%         N/A       100%        2
 Static Discharge         Conj/Air       0%         2-2/arc   100%        2
 Sublimation of Blood     Necr           0%         N/A       100%        2
 Wereblood                Tmut           0%         N/A       100%        2
 Call Canine Familiar     Summ           0%         N/A       100%        3
 Confusing Touch          Hex            0%         N/A       100%        3
 Frozen Ramparts          Ice            0%         1d1       100%        3
 Gell's Gravitas          Tloc           0%         N/A       100%        3
 Hailstorm                Conj/Ice       0%         3d3       100%        3
 Ignite Poison            Fire/Tmut/Pois 0%         N/A       100%        3
 Inner Flame              Hex/Fire       0%         N/A       100%        3
 Mephitic Cloud           Conj/Pois/Air  0%         N/A       100%        3
 Ozocubu's Armour         Ice            0%         N/A       100%        3
 Portal Projectile        Hex/Tloc       0%         N/A       100%        3
 Spider Form              Tmut/Pois      0%         N/A       100%        3
 Stone Arrow              Conj/Erth      0%         3d7       100%        3
 Summon Guardian Golem    Hex/Summ       0%         N/A       100%        3
 Teleport Other           Tloc           0%         N/A       100%        3
 Tukima's Dance           Hex            0%         N/A       100%        3
 Vampiric Draining        Necr           0%         2d6       100%        3
 Airstrike                Air            0%         2d(0-16)  100%        4
 Anguish                  Hex/Necr       0%         N/A       100%        4
 Animate Dead             Necr           0%         N/A       100%        4
 Cause Fear               Hex            0%         N/A       100%        4
 Flame Wave               Conj/Fire      0%         2d4       100%        4
 Ice Form                 Ice/Tmut       0%         N/A       100%        4
 Manifold Assault         Tloc           0%         N/A       100%        4
 Olgreb's Toxic Radiance  Pois           0%         N/A       100%        4
 Passage of Golubria      Tloc           0%         N/A       100%        4
 Petrify                  Tmut/Erth      0%         N/A       100%        4
 Sticky Flame             Conj/Fire      0%         2d3       100%        4
 Summon Ice Beast         Ice/Summ       0%         N/A       100%        4
 Summon Lightning Spire   Summ/Air       0%         N/A       100%        4
 Agony                    Necr           0%         N/A       100%        5
 Alistair's Intoxication  Tmut/Pois      0%         N/A       100%        5
 Blade Hands              Tmut           0%         N/A       100%        5
 Borgnjor's Vile Clutch   Necr/Erth      0%         N/A       100%        5
 Fireball                 Conj/Fire      0%         3d3       100%        5
 Freezing Cloud           Conj/Ice/Air   0%         6-21      100%        5
 Irradiate                Conj/Tmut      0%         3d11      100%        5
 Iskenderun's Battlesphe  Conj           0%         2d6       100%        5
 Metabolic Englaciation   Hex/Ice        0%         N/A       100%        5
 Silence                  Hex/Air        0%         N/A       100%        5
 Summon Forest            Summ/Tloc      0%         N/A       100%        5
 Summon Mana Viper        Hex/Summ       0%         N/A       100%        5
 Yara's Violent Unravell  Hex/Tmut       0%         3d3       100%        5
 Dispersal                Tloc           0%         N/A       100%        6
 Eringya's Noxious Bog    Tmut/Pois      0%         N/A       100%        6
 Iron Shot                Conj/Erth      0%         9d1       100%        6
 Plasma Beam              Fire/Air       0%         2x1d11    100%        6
 Simulacrum               Ice/Necr       0%         N/A       100%        6
 Starburst                Conj/Fire      0%         6d3       100%        6
 Statue Form              Tmut/Erth      0%         N/A       100%        6
 Summon Cactus Giant      Summ           0%         N/A       100%        6
 Dragon Form              Tmut           0%         N/A       100%        7
 Enfeeble                 Hex            0%         N/A       100%        7
 Haunt                    Necr/Summ      0%         N/A       100%        7
 Malign Gateway           Summ/Tloc      0%         N/A       100%        7
 Ozocubu's Refrigeration  Ice            0%         4d7       100%        7
 Spellforged Servitor     Conj/Summ      0%         N/A       100%        7
 Storm Form               Tmut/Air       0%         N/A       100%        7
 Summon Hydra             Summ           0%         N/A       100%        7
 Borgnjor's Revivificati  Necr           0%         N/A       100%        8
 Discord                  Hex            0%         N/A       100%        8
 Disjunction              Tloc           0%         N/A       100%        8
 Ignition                 Fire           0%         3d3       100%        8
 Infestation              Necr           0%         N/A       100%        8
 Necromutation            Tmut/Necr      0%         N/A       100%        8
 Summon Horrible Things   Summ           0%         N/A       100%        8
 Chain Lightning          Conj/Air       0%         N/A       100%        9
 Dragon's Call            Summ           0%         N/A       100%        9
 Fire Storm               Conj/Fire      0%         5d1       100%        9
 Shatter                  Erth           0%         3d5*      100%        9


Dungeon Overview and Level Annotations

Branches:
Dungeon (15/15)            Temple (1/1) D:6            Lair (5/5) D:10
  Swamp (4/4) Lair:3       Spider (4/4) Lair:2        Slime (5/5) Lair:5
    Orc (2/2) D:11            Elf (3/3) Orc:2        Vaults (5/5) D:13
  Crypt (3/3) Vaults:3       Tomb (0/3) Crypt:3      Depths (4/4) D:15
    Zot (0/5) Depths:4    Desolation (visited)

Altars:
Ashenzari
Cheibriados
Dithmenos
Fedhas
Gozag
Hepliaklqana
Kikubaaqudgha
Makhleb
Nemelex Xobeh
Okawaru
Qazlal
Ru
Sif Muna
Trog
Uskayaw
Vehumet
Wu Jian
Xom
Yredelemnul
Ignis
Jiyva

Shops:
D:3 [   D:11 *   Orc:2 *?(=(   Elf:1 !   Vaults:1 (   Vaults:3 [   Depths:4 *

Portals:
Hell: Depths:1 Depths:2 Depths:3 Depths:4
Abyss: Depths:1 Depths:2 Depths:3
Pandemonium: Depths:2
Ziggurat: Depths:2

Annotations:
D:5 Dowan, Duvessa
D:10 exclusion: upstairs
Lair:2 6 runed translucent doors, exclusion: 2 downstairs
Swamp:3 exclusion: downstairs
Spider:3 exclusion: orange crystal statue
Slime:3 DISSOLUTION, Dissolution
Slime:4 exclusion: downstairs
Elf:1 3 runed translucent doors, exclusion: 3 doors, Heg Cuhi's ghost, adept MiFi
Elf:2 4 runed translucent doors, exclusion: 3 doors, Biygoptu's ghost, adept MiMo
Crypt:1 5 transporters, exclusion: downstairs
Depths:2 3 runed translucent doors, exclusion: 3 doors, Poanarph's ghost, veteran GrVM


Innate Abilities, Weirdness & Mutations

You have claws for hands.
You are completely covered in large bone plates. (SH +8)
A meltable icy envelope protects you from harm. (AC +8)
You are powered by pain.
Your melee attacks may debilitate your foes.
A meltable shield of frost defends you. (SH +4)
Your hexes are more powerful.
You are surrounded by an aura of silence.
You have a beak for a mouth.
Your flesh is cold resistant. (rC+)
Your body sometimes deteriorates upon taking damage.
You are dopey. (Int -2)
Potions are less effective at restoring your health.


Message History

You peck the tormentor, but do no damage.
The tormentor is heavily wounded.
You block the tormentor's attack. x2
You barely miss the tormentor. You peck the tormentor!
The tormentor is severely wounded.
The tormentor calls on the powers of darkness!
Your body is wracked with pain!
* * * LOW HITPOINT WARNING * * *
Your body deteriorates!
You feel dopey.
You focus on the pain.
You feel agile all of a sudden.
You slice the tormentor!!
You kill the tormentor!
Makhleb accepts your kill.
You feel better.
You slash the Brimstone Fiend!
The Brimstone Fiend looks weaker.
You peck the Brimstone Fiend!
The Brimstone Fiend is lightly wounded.
You completely miss the Brimstone Fiend.
You peck the Brimstone Fiend, but do no damage.
The Brimstone Fiend is lightly wounded.
The Brimstone Fiend gestures at you.
The sphere of damnation explodes!
The damnation engulfs you!!
* * * LOW HITPOINT WARNING * * *
The damnation engulfs the Brimstone Fiend.
The Brimstone Fiend completely resists.
Press: ? - help, v - describe, . - travel
Here: a Brimstone Fiend (silenced, lightly wounded, unaffected by silence, weak)
The floor.
Unknown command.
Okay, then.
Okay, then.
Press: ? - help, v - describe, . - travel
Here: a Brimstone Fiend (silenced, lightly wounded, unaffected by silence, weak)
The floor.
Unknown command.
A demon appears!
The Brimstone Fiend gestures at you.
The sphere of damnation explodes!
The damnation engulfs you!!
You die...

..#.... ....#.......... ..#....
............... #....#
##............. .....
..........?...... #?..
................ ##...
.............###.... #####
#..2........##.'''' ###...#
##.@1...........'''' #.....##
##...............''''
#......####................'''.
#......#...................''''
#....#...............)...''.'
######....................##.''''
#....#......##............###....
............##........))...###...
...........###...........#...#...


You could see a Brimstone Fiend (unsilenced, weak, ally target) and a friendly
blizzard demon (summoned, unsilenced).

Vanquished Creatures
  A dread lich (Vaults:5)
  3 ancient liches
  3 juggernauts
  Sojobo (Depths:2)
  Bai Suzhen (Vaults:2)
  A caustic shrike (Depths:3)
  Saint Roka (Vaults:4)
  A curse toe (Crypt:3)
  3 golden dragons
  8 bone dragons
  A pandemonium lord (Pan)
  A hellephant (Abyss:5)
  2 tentacled monstrosities
  A Hell Sentinel (Pan)
  2 walking earthen tomes
  12 liches
  A walking crystal tome (Depths:4)
  2 deep elf master archers (Elf:3)
  2 deep elf blademasters (Elf:3)
  A walking frostbound tome (Depths:3)
  3 titans (Vaults:5)
  A quicksilver dragon (Depths:3)
  18 acid blobs
  3 Executioners
  5 sphinxes
  10 ancient champions
  The ghost of Ubraesch the Brawler, an adept TrMo of Nemelex Xobeh (Depths:3)
  16 tentacled starspawn
  13 tengu reavers
  A draconian monk (Depths:4)
  5 shadow dragons (Vaults:5)
  4 revenants
  A daeva (Abyss:3)
  2 storm dragons
  A fenstrider witch (Swamp:4)
  10 rockslimes
  11 azure jellies
  8 deep elf sorcerers
  Louise (Elf:2)
  A demonspawn warmonger (Pan)
  15 frost giants
  4 balrugs
  3 juggernaut zombies (Depths:1)
  6 fire giants
  A ghost moth (Spider:1)
  4 imperial myrmidons (Desolation)
  A spectral juggernaut (Depths:4)
  15 vault wardens
  A draconian scorcher (Depths:4)
  4 draconian shifters
  A shard shrike simulacrum (Crypt:3)
  3 caustic shrike zombies (Depths:1)
  An iron dragon (Depths:4)
  7 ghouls
  2 caustic shrike skeletons
  3 orc warlords
  9 broodmothers
  A draconian stormcaller (Abyss:3)
  21 ironbound preservers
  2 spriggan defenders (Depths:4)
  3 cacodemons
  8 deep elf elementalists
  2 demonspawn blood saints (Pan)
  4 reapers
  10 stone giants
  11 quicksilver oozes
  33 very ugly things
  4 war gargoyles
  2 broodmothers (shapeshifter)
  8 eleionomae
  6 ironbound thunderhulks
  A black draconian (Depths:4)
  7 vampire knights
  6 deep elf demonologists
  A yellow draconian (Depths:4)
  7 deep elf annihilators
  A white draconian (Depths:4)
  2 spark wasps
  A red draconian (Depths:4)
  6 dire elephants
  5 bunyips
  4 eidola
  An acid blob zombie (Crypt:2)
  8 ettins
  4 blizzard demons
  3 crystal guardians (Vaults:4)
  2 green deaths
  7 ragged hierophants (Desolation)
  9 deep elf death magi
  5 deep elf high priests (Elf:3)
  13 fire dragons
  A merfolk impaler (Depths:1)
  10 great orbs of eyes
  16 yaktaur captains
  25 jiangshi
  12 servants of whispers (Desolation)
  8 entropy weavers
  11 ice dragons
  4 rakshasas
  A spriggan zombie (Depths:1)
  21 hydras
  A salamander tyrant (Depths:4)
  5 spriggan air magi
  2 spriggan skeletons
  5 radroaches
  15 peacekeepers
  31 vault guards
  A hell beast (Pan)
  A ghost crab (Swamp:4)
  2 catoblepae
  3 boulder beetles
  6 centaur warriors
  5 ironbound frosthearts
  4 death knights
  2 jorogumos (Spider:3)
  7 ogre magi
  18 dancing weapons
  11 deep troll earth magi
  13 two-headed ogres
  9 deep troll shamans
  6 tengu warriors
  11 death yaks
  4 hell hogs
  3 titan zombies
  12 vampire magi
  7 alligators
  Urug (D:10)
  11 soul eaters
  9 hell knights
  3 spriggan berserkers
  14 thrashing horrors
  10 deep elf knights
  9 skeletal warriors
  4 spatial maelstroms
  9 pharaoh ants
  7 sixfirhies
  7 shadow wraiths
  8 iron trolls
  An iron troll (shapeshifter) (Vaults:5)
  A titan skeleton (Depths:1)
  20 wretched stars
  A ghost moth zombie (Crypt:1)
  4 sun moths
  10 orb spiders
  13 deep elf archers
  12 bog bodies
  47 deep trolls
  2 storm dragon skeletons
  A skyshark (Lair:5)
  4 goliath frogs
  10 swamp dragons
  An anaconda zombie (Abyss:3)
  10 glowing orange brains
  A shadow demon (Abyss:4)
  3 spriggan druids
  7 flayed ghosts
  Pikel (D:5)
  8 steelbarb worms
  A glowing orange brain (shapeshifter) (Vaults:5)
  An orb spider (shapeshifter) (D:14)
  2 tengu zombies
  15 wizards
  5 lindwurms
  A spriggan simulacrum (Abyss:3)
  23 ironbound convokers
  An eleionoma zombie (Crypt:3)
  23 deep elf pyromancers
  17 phantasmal warriors
  2 tengu skeletons
  21 deep elf zephyrmancers
  A harpy (shapeshifter) (Depths:3)
  4 necromancers
  19 wolf spiders
  8 orc knights
  8 shining eyes
  A shadow dragon skeleton (Depths:1)
  31 ugly things
  An iron dragon zombie (Depths:1)
  3 salamanders (Depths:4)
  3 manticores
  8 orc sorcerers
  5 will-o-the-wisps
  6 cyclopes
  4 worldbinders
  A black mamba (shapeshifter) (Abyss:3)
  A cyclops (shapeshifter) (Depths:2)
  An iron dragon skeleton (Depths:1)
  A centaur zombie (Crypt:3)
  11 elephants
  6 moths of wrath
  17 demonic crawlers
  2 rust devils (Abyss:3)
  21 vault sentinels
  2 frost giant skeletons
  6 torpor snails
  4 black mambas
  7 guardian serpents (Desolation)
  2 molten gargoyles (Desolation)
  2 apocalypse crabs
  17 smoke demons
  9 unseen horrors
  A gargoyle (D:12)
  An elephant (shapeshifter) (Vaults:5)
  A storm dragon simulacrum (Crypt:3)
  15 cane toads
  5 eyes of devastation
  4 hellions
  5 orange demons
  Maggie (D:10)
  A steelbarb worm zombie (Crypt:1)
  4 kobold demonologists
  36 yaktaurs
  4 rime drakes
  A black draconian skeleton (Crypt:3)
  An alligator snapping turtle skeleton (Crypt:2)
  9 komodo dragons
  A yaktaur (shapeshifter) (D:13)
  3 efreet
  12 freezing wraiths
  2 tormentors
  2 tengu conjurers
  3 ice devils
  6 trolls
  8 ancient zymes
  A hydra zombie (Crypt:1)
  A red devil (Depths:3)
  A green draconian skeleton (Crypt:1)
  A bloated husk (Swamp:2)
  2 polar bears
  A hellwing (Abyss:3)
  11 meliai
  6 tyrant leeches
  A tengu simulacrum (Vaults:3)
  A tarantella (shapeshifter) (D:14)
  15 hornets
  Grinder (D:5)
  86 saltlings
  A raiju (shapeshifter) (Vaults:5)
  A harpy skeleton (Abyss:3)
  18 raiju
  37 tarantellas
  10 blink frogs
  A dream sheep (shapeshifter) (Vaults:5)
  10 dream sheep
  An ettin zombie (Crypt:3)
  A stone giant simulacrum (Vaults:3)
  31 jumping spiders
  An ice dragon zombie (Crypt:2)
  110 slime creatures
  Sigmund (D:5)
  4 air elementals
  28 culicivoras
  3 flying skulls
  10 wraiths
  A shadow (Abyss:4)
  20 water elementals
  A dire elephant simulacrum (Crypt:3)
  A yak (shapeshifter) (D:13)
  A vampire (D:10)
  10 ynoxinuls
  16 fire elementals
  A guardian serpent skeleton (Crypt:3)
  5 wyverns
  109 starcursed masses
  6 basilisks
  14 spriggans
  42 yaks
  A basilisk (shapeshifter) (Depths:2)
  7 vampire mosquitoes
  5 fire bats
  7 chaos spawn
  5 golden eyes
  11 neqoxecs
  60 redbacks
  3 glowing shapeshifter zombies
  41 large abominations
  14 swamp worms
  Menkaure (D:6)
  4 spatial vortices
  10 water moccasins
  5 wargs
  A faun zombie (Crypt:2)
  A harpy simulacrum (Abyss:4)
  2 acid dragons
  2 glowing shapeshifter skeletons (Depths:1)
  2 floating eyes (Depths:3)
  8 swamp drakes
  A floating eye (shapeshifter) (Elf:2)
  18 orc warriors
  A merfolk skeleton (Crypt:2)
  A black bear (D:5)
  An ice beast (D:7)
  10 boggarts
  5 wolves (Lair:1)
  6 ogres
  14 centaurs
  An elephant skeleton (Crypt:3)
  2 lemures (D:5)
  A human zombie (Vaults:3)
  2 phantoms
  19 kobold brigands
  5 scorpions
  3 necrophages (Crypt:2)
  14 bullfrogs
  6 earth elementals
  3 gnoll sergeants
  16 small abominations
  17 wights
  A raiju zombie (Crypt:3)
  14 killer bees
  An electric eel (Lair:2)
  5 howler monkeys
  3 jellies
  4 hounds
  12 orc priests
  A quasit (Abyss:3)
  2 iron imps (Abyss:3)
  3 iguanas
  38 orc wizards
  2 hell rats (Lair:5)
  2 naga zombies
  20 gnolls
  4 adders
  6 river rats (Lair:5)
  2 shadow imps
  4 white imps
  2 ufetubi
  An adder skeleton (Crypt:3)
  4 dart slugs
  97 orcs
  7 endoplasms
  8 giant cockroaches
  3 goblins
  7 hobgoblins
  20 kobolds
  6 quokkas
  7 ball pythons
  3 bats
  7 frilled lizards
  A goblin skeleton (Crypt:3)
  A quokka skeleton (Crypt:3)
  24 rats
  2 lurking horrors
  A spectral weapon (Vaults:2)
  12 starspawn tentacles
2739 creatures vanquished.

Vanquished Creatures (collateral kills)
  the Royal Jelly (Slime:5)
  the Lernaean hydra (Swamp:4)
  Parghit (Depths:3)
  Nikola (Spider:1)
  Arachne (Spider:4)
  A Brimstone Fiend (Depths:3)
  A tentacled monstrosity (Swamp:4)
  Asterion (Spider:3)
  A frost giant (Vaults:5)
  A cacodemon (Depths:3)
  A quicksilver ooze (Slime:5)
  An eleionoma (Swamp:4)
  A blizzard demon (Depths:3)
  2 hydras
  2 boulder beetles (Spider:1)
  An alligator (Swamp:4)
  A radroach (Spider:4)
  A death yak (Lair:5)
  A centaur warrior (D:15)
  A soul eater (Depths:3)
  A goliath frog (Swamp:2)
  2 bog bodies
  A swamp dragon (Swamp:2)
  A deep troll (Depths:3)
  An ugly thing (D:13)
  2 wolf spiders
  An apocalypse crab (Abyss:4)
  An elephant (Lair:5)
  A black mamba (Lair:5)
  A smoke demon (Abyss:4)
  A torpor snail (Spider:3)
  A demonic crawler (Spider:3)
  A yaktaur (D:15)
  An ice devil (Depths:3)
  A meliai (Spider:3)
  A bloated husk (Swamp:2)
  4 dream sheep (Lair:3)
  A tarantella (Spider:1)
  3 jumping spiders
  A basilisk (Lair:5)
  3 yaks (Lair:1)
  3 redbacks
  2 swamp worms (Swamp:2)
  4 centaurs (D:15)
  An orc wizard (Orc:1)
  A butterfly (Lair:5)
63 creatures vanquished.

Vanquished Creatures (others)
  Aizul (Vaults:2)
  A demonspawn black sun (Pan)
  2 deep elf annihilators
  2 alligators (Swamp:4)
  A thrashing horror (Abyss:4)
  A deep elf knight (Elf:1)
  A shadow wraith (Crypt:3)
  An ironbound convoker (Vaults:5)
  A bog body (Swamp:4)
  4 deep elf pyromancers
  3 bloated husks
  A saltling (Desolation)
  A water elemental (Elf:3)
  A golden eye (shapeshifter) (Elf:3)
  2 large abominations
  A chaos spawn (Abyss:3)
  A redback (Spider:1)
  A swamp drake (Swamp:4)
  An ufetubus (Abyss:4)
  8 demonic plants (Abyss:3)
  89 foxfires
  68 fungi
  A lurking horror (Abyss:3)
  105 plants
  40 starspawn tentacles
  8 withered plants
346 creatures vanquished.

Grand Total: 3148 creatures vanquished

Notes
Turn   | Place    | Note
-------+----------+-------------------------------------------
     0 | D:1      | graymark the Demonspawn Fighter began the quest for the
                  | Orb.
     0 | D:1      | Reached XP level 1. HP: 18/18 MP: 1/1
   109 | D:1      | Gained mutation: You are partially covered in large bone
                  | plates. (SH +4) [demonic ancestry]
   109 | D:1      | Reached XP level 2. HP: 24/24 MP: 2/2
   221 | D:1      | Reached XP level 3. HP: 23/29 MP: 3/3
   260 | D:1      | Reached skill level 1 in Dodging
   840 | D:1      | Found a faded altar of an unknown god.
   854 | D:1      | Prayed at the altar of an unknown god.
   854 | D:1      | Became a worshipper of Ignis, the Dying Flame
  1204 | D:2      | Gained mutation: A meltable shield of frost defends you.
                  | (SH +4) [demonic ancestry]
  1204 | D:2      | Reached XP level 4. HP: 35/35 MP: 4/4
  2032 | D:3      | Found a broken altar of Ashenzari.
  2104 | D:3      | Found a sparkling altar of Nemelex Xobeh.
  2132 | D:3      | Found Rineg's Antique Armour Shop.
  2184 | D:3      | Found a stormy altar of Qazlal.
  2589 | D:4      | Gained mutation: You are mostly covered in large bone
                  | plates. (SH +6) [demonic ancestry]
  2589 | D:4      | Reached XP level 5. HP: 42/42 MP: 5/5
  2981 | D:4      | Found a burning altar of Makhleb.
  3058 | D:4      | Noticed a water moccasin
  3067 | D:4      | Killed a water moccasin
  3068 | D:4      | Reached skill level 4 in Fighting
  3068 | D:4      | Reached XP level 6. HP: 34/48 MP: 6/6
  3240 | D:4      | Found a hide-covered altar of Uskayaw.
  3396 | D:5      | Entered Level 5 of the Dungeon
  3440 | D:5      | Identified the +0 ring mail of Immorality {+Blink rElec rN+
                  | Dex+3}
  3479 | D:5      | Noticed Grinder
  3501 | D:5      | Killed Grinder
  3502 | D:5      | Gained mutation: You have sharp fingernails. [demonic
                  | ancestry]
  3502 | D:5      | Reached XP level 7. HP: 54/55 MP: 7/7
  3807 | D:5      | Noticed Duvessa
  3807 | D:5      | Noticed Dowan
  4072 | D:5      | Noticed Sigmund
  4114 | D:5      | Gained mutation: Your spells are a little harder to cast,
                  | but a little more powerful. [potion of mutation]
  4124 | D:5      | Killed Sigmund
  4125 | D:5      | Reached skill level 5 in Fighting
  4381 | D:5      | Reached XP level 8. HP: 61/62 MP: 8/8
  4810 | D:6      | Noticed Pikel
  4978 | D:5      | Killed Pikel
  4979 | D:5      | Reached skill level 5 in Armour
  4979 | D:5      | Reached skill level 5 in Shields
  5263 | D:6      | Noticed Menkaure
  5559 | D:5      | Reached skill level 5 in Polearms
  5566 | D:6      | Killed Menkaure
  5567 | D:6      | Reached skill level 6 in Fighting
  5742 | D:6      | Found a staircase to the Ecumenical Temple.
  5746 | Temple   | Entered the Ecumenical Temple
  5746 | Temple   | Found a transporter.
  5746 | Temple   | Found a transporter.
  5748 | Temple   | Found a transporter.
  5748 | Temple   | Found a transporter.
  5857 | D:6      | Found a runed translucent door.
  5893 | D:6      | Gained mutation: You sometimes gain a little power by
                  | taking damage. [demonic ancestry]
  5893 | D:6      | Reached XP level 9. HP: 62/69 MP: 9/9
  6413 | D:6      | Reached skill level 5 in Dodging
  6616 | D:2      | Fell from the grace of Ignis
  6762 | D:4      | Became a worshipper of Makhleb the Destroyer
  7231 | D:7      | You fall into a shaft and drop 3 floors!
  7231 | D:10     | Entered Level 10 of the Dungeon
  7236 | D:10     | Noticed Urug
  7502 | D:10     | Noticed Maggie
  7518 | D:10     | Killed Maggie
  7519 | D:10     | Reached skill level 1 in Invocations
  7923 | D:9      | Reached skill level 7 in Fighting
  7940 | D:9      | Gained mutation: A meltable icy envelope protects you from
                  | harm. (AC +8) [demonic ancestry]
  7940 | D:9      | Reached XP level 10. HP: 57/79 MP: 12/12
  8105 | D:9      | Reached * piety under Makhleb
  8202 | D:9      | Paralysed by a hornet for 3 turns
  8314 | D:9      | Noticed a sun demon
  8317 | D:9      | Reached skill level 5 in Invocations
  8805 | D:8      | Reached skill level 8 in Fighting
  9023 | D:8      | Identified the +0 scale mail of the Zebra {rN++ Str-3
                  | Int+4}
  9248 | D:7      | Reached ** piety under Makhleb
  9964 | D:7      | Reached XP level 11. HP: 86/86 MP: 15/15
 10574 | D:8      | You fall into a shaft and drop 3 floors!
 10638 | D:11     | HP: 4/87 [fire elemental[the fiery vengeance of Ignis]
                  | (10)]
 11112 | D:10     | Noticed a purple ugly thing
 11149 | D:10     | Killed a purple ugly thing
 11253 | D:10     | Reached *** piety under Makhleb
 11263 | D:10     | Was forgiven by Ignis
 11520 | D:8      | Found a hazy altar of Hepliaklqana.
 11522 | D:8      | Found a faded altar of an unknown god.
 12847 | D:10     | Found a snail-covered altar of Cheibriados.
 12914 | D:10     | Reached skill level 9 in Fighting
 12947 | D:10     | Found a staircase to the Lair.
 13778 | Lair:1   | Entered Level 1 of the Lair of Beasts
 13834 | Lair:1   | Identified 2 scrolls of acquirement
 13834 | Lair:1   | Acquired a manual of Dodging
 13836 | Lair:1   | Acquired the ring "Hilavotaz" {Fly rElec rPois MP-9}
 14982 | Lair:2   | Gained mutation: You have very sharp fingernails. [demonic
                  | ancestry]
 14982 | Lair:2   | Reached XP level 12. HP: 96/96 MP: 9/18
 14987 | Lair:2   | Reached **** piety under Makhleb
 15560 | Lair:2   | Found a hole to the Spider Nest.
 15603 | Lair:2   | Found a runed translucent door.
 16210 | Lair:2   | Found a runed translucent gate.
 16210 | Lair:2   | Found a runed translucent gate.
 16210 | Lair:2   | Found a runed translucent gate.
 16210 | Lair:2   | Found a runed translucent gate.
 16211 | Lair:2   | Found a runed translucent gate.
 16213 | Lair:2   | Found a runed translucent gate.
 16213 | Lair:2   | Noticed a boulder beetle
 16214 | Lair:2   | Noticed a boulder beetle
 16473 | Lair:3   | Reached skill level 10 in Fighting
 16657 | Lair:3   | Noticed a death yak
 16659 | Lair:3   | Noticed a death yak
 16660 | Lair:3   | Noticed a death yak
 16663 | Lair:3   | Noticed a death yak
 16710 | Lair:3   | Killed a death yak
 16711 | Lair:3   | Reached skill level 10 in Invocations
 16727 | Lair:3   | Noticed a catoblepas
 17048 | Lair:2   | Killed a death yak
 17158 | Lair:2   | Killed a death yak
 17159 | Lair:2   | Reached skill level 10 in Dodging
 17190 | Lair:2   | Killed a death yak
 17393 | Lair:2   | Killed a catoblepas
 17798 | Lair:3   | Found a staircase to the Swamp.
 18101 | Lair:4   | Reached XP level 13. HP: 81/104 MP: 12/21
 18175 | Lair:4   | Found a gate leading to a gauntlet.
 18656 | Lair:3   | Reached skill level 10 in Armour
 19232 | Lair:4   | Reached skill level 11 in Fighting
 20170 | Lair:5   | Entered Level 5 of the Lair of Beasts
 20212 | Lair:5   | Found a viscous altar of Jiyva.
 20212 | Lair:5   | Found a staircase to the Slime Pits.
 20383 | Lair:5   | Identified the +0 robe of Ennui {rC- Regen+ Int+2 Dex+4
                  | SInv}
 20385 | Lair:5   | Found a shimmering blue altar of Sif Muna.
 20401 | Lair:5   | Reached ***** piety under Makhleb
 22503 | Lair:5   | Gained mutation: You are completely covered in large bone
                  | plates. (SH +8) [demonic ancestry]
 22503 | Lair:5   | Reached XP level 14. HP: 87/114 MP: 14/23
 23284 | Lair:5   | Reached skill level 12 in Fighting
 23347 | Lair:5   | Found the dreamshard necklace {*Dream Drain}
 23357 | Lair:5   | Identified the +2 leather armour of the Endless Expanse
                  | {rN+}
 24081 | D:11     | Found a staircase to the Orcish Mines.
 24311 | D:11     | Found Uggiavih's Assorted Antiques.
 24324 | D:11     | Bought a tubular ruby ring for 135 gold pieces
 24324 | D:11     | Bought a runed trident for 175 gold pieces
 24324 | D:11     | Bought a potion of heal wounds for 135 gold pieces
 24685 | Orc:1    | Entered Level 1 of the Orcish Mines
 24916 | Orc:1    | Reached ****** piety under Makhleb
 25108 | Orc:1    | Noticed an orc warlord
 25252 | Orc:1    | Killed an orc warlord
 25760 | Orc:2    | Entered Level 2 of the Orcish Mines
 25803 | Orc:2    | Found Pumi's General Store.
 26005 | Orc:2    | Found a staircase to the Elven Halls.
 26333 | Orc:2    | Found Reuff's Antique Weapon Shoppe.
 26370 | Orc:2    | Found Jaot's Magic Scroll Emporium.
 26475 | Orc:2    | Found an ancient bone altar of Kikubaaqudgha.
 26512 | Orc:2    | Paralysed by an orc sorcerer for 5 turns
 26998 | Orc:2    | Found Ywaist's Jewellery Shoppe.
 27111 | Orc:2    | Reached skill level 10 in Polearms
 27212 | Orc:2    | Bought a ring of willpower for 400 gold pieces
 27223 | Orc:2    | Found a radiant altar of Vehumet.
 27292 | Orc:2    | Found Efudghomn's Antique Weapon Emporium.
 27298 | Orc:2    | Bought a transparent broad axe for 306 gold pieces
 27298 | Orc:2    | Identified the +10 broad axe "Yripiuc" {pain, rF+ rCorr
                  | Dex+5} (You bought it in a shop on level 2 of the Orcish
                  | Mines)
 27432 | Orc:2    | Bought a scroll of fog for 60 gold pieces
 27432 | Orc:2    | Bought a scroll of fog for 60 gold pieces
 27432 | Orc:2    | Bought a scroll of fog for 60 gold pieces
 27468 | Orc:2    | Bought a glowing trident for 221 gold pieces
 27671 | D:11     | Bought a potion of curing for 81 gold pieces
 27729 | Elf:1    | Entered Level 1 of the Elven Halls
 28075 | D:12     | Reached skill level 1 in Axes
 28834 | D:13     | Found a gate to the Vaults.
 29415 | D:13     | Gained mutation: You have claws for hands. [demonic
                  | ancestry]
 29415 | D:13     | Reached XP level 15. HP: 80/122 MP: 16/25
 30157 | D:14     | Reached skill level 5 in Axes
 30616 | D:15     | Entered Level 15 of the Dungeon
 30616 | D:15     | Found an iron altar of Okawaru.
 30676 | D:15     | Reached skill level 15 in Invocations
 31491 | Swamp:1  | Entered Level 1 of the Swamp
 34909 | Swamp:3  | Reached XP level 16. HP: 92/129 MP: 19/28
 35241 | Swamp:4  | Entered Level 4 of the Swamp
 35241 | Swamp:4  | Noticed a tentacled monstrosity
 35259 | Swamp:4  | Killed a tentacled monstrosity
 36606 | Swamp:4  | Reached skill level 10 in Axes
 36948 | Swamp:4  | Reached skill level 13 in Fighting
 38089 | Swamp:4  | Paralysed by a fenstrider witch for 2 turns
 38647 | Swamp:4  | Noticed the 27-headed Lernaean hydra
 38891 | Swamp:4  | Killed the 27-headed Lernaean hydra
 38906 | Swamp:4  | Got a decaying rune of Zot
 39404 | Orc:2    | Bought an amulet of reflection for 480 gold pieces
 39578 | Elf:1    | HP: 1/131 [+2 flail of holy wrath (7)]
 40460 | Elf:1    | Identified the +5 chain mail of Starshine {rF+ Will+ Str+2
                  | Int-3}
 40510 | Elf:1    | Found a runed translucent gate.
 40510 | Elf:1    | Found a runed translucent gate.
 40510 | Elf:1    | Found a viscous altar of Jiyva.
 40510 | Elf:1    | Found a runed translucent gate.
 40510 | Elf:1    | Noticed an acid blob
 40510 | Elf:1    | Noticed Heg Cuhi's ghost (adept MiFi)
 40708 | Elf:1    | Found Gusaem's Distillery.
 40711 | Elf:1    | Bought a potion of heal wounds for 70 gold pieces
 40711 | Elf:1    | Bought a potion of resistance for 140 gold pieces
 40711 | Elf:1    | Bought a potion of heal wounds for 70 gold pieces
 40711 | Elf:1    | Bought a potion of might for 56 gold pieces
 40790 | Elf:1    | Noticed a Tzitzimitl
 40856 | Elf:1    | Gained mutation: You sometimes gain power by taking damage.
                  | [demonic ancestry]
 40856 | Elf:1    | Reached XP level 17. HP: 132/138 MP: 21/30
 40964 | Elf:1    | Found a gateway to a bazaar.
 41297 | Elf:2    | Found a runed translucent door.
 41299 | Elf:2    | Noticed Biygoptu's ghost (adept MiMo)
 41357 | Elf:2    | Noticed Louise
 41389 | Elf:2    | Killed Louise
 41576 | Elf:2    | Reached skill level 14 in Fighting
 41888 | Elf:2    | Found a runed translucent gate.
 41888 | Elf:2    | Found a runed translucent gate.
 41897 | Elf:2    | Found a runed translucent gate.
 41941 | Elf:2    | Noticed a Hell Sentinel
 41998 | Elf:3    | Entered Level 3 of the Elven Halls
 43374 | Elf:3    | Noticed a deep elf blademaster
 43386 | Elf:3    | Killed a deep elf blademaster
 43744 | Elf:3    | Paralysed by an air elemental for 1 turns
 43752 | Elf:3    | Paralysed by an air elemental for 1 turns
 44144 | Elf:3    | Noticed a Brimstone Fiend
 44250 | Elf:3    | Identified the ring "Rawolomo" {rF+ EV+5 Int+4}
 44429 | Elf:3    | Noticed a deep elf master archer
 44434 | Elf:3    | Killed a deep elf master archer
 44493 | Elf:3    | Noticed a Hell Sentinel
 44574 | Elf:3    | Noticed a deep elf blademaster
 44597 | Elf:3    | Killed a deep elf blademaster
 45072 | Elf:3    | Reached XP level 18. HP: 147/147 MP: 22/31
 45680 | Elf:3    | Identified the +0 ring mail "Agumel" {Str+3}
 45728 | Elf:3    | Identified the +6 spear "Xitir" {holy, Contam Will+ rCorr
                  | Dex+4}
 45734 | Elf:3    | Got Sif Muna's Exposition on the Charmed Retinue
 45740 | Elf:3    | Got the Teachings on the Phantasmal Arsonist
 45766 | Elf:3    | Identified the ring of Kawnauva {Will+ SInv}
 45780 | Elf:3    | Got the Papyrus of Dislocated Changes
 45811 | Elf:3    | Identified the staff of earth "Rissiet" {*Corrode Fly rC-
                  | rN+++}
 46191 | Spider:1 | Entered Level 1 of the Spider Nest
 46358 | Spider:1 | Reached skill level 15 in Fighting
 46883 | Spider:1 | Noticed Nikola
 47397 | Spider:1 | Killed Nikola
 48701 | Spider:2 | Gained mutation: Your flesh is cold resistant. (rC+)
                  | [mutagenic glow]
 49529 | Spider:2 | Reached skill level 15 in Dodging
 50317 | Spider:3 | Found a transporter.
 50333 | Spider:3 | Found a transporter.
 50493 | Spider:3 | Identified the amulet "Inneusch" {Faith rF- rC+ Will+
                  | Str+7}
 50994 | Spider:3 | Noticed Asterion
 51176 | Spider:3 | Killed Asterion
 51177 | Spider:3 | Gained mutation: Your hexes are more powerful. [demonic
                  | ancestry]
 51177 | Spider:3 | Reached XP level 19. HP: 107/154 MP: 24/33
 51882 | Spider:4 | Entered Level 4 of the Spider Nest
 52881 | Spider:4 | Reached skill level 16 in Fighting
 53331 | Spider:4 | Noticed Arachne
 53340 | Spider:4 | Killed Arachne
 53623 | Spider:4 | Got a gossamer rune of Zot
 53858 | Spider:4 | Identified the +8 chain mail of Caustic Salvation {rF++
                  | Int+2}
 54248 | D:10     | Killed Urug
 54252 | D:10     | Acquired 578 gold pieces
 54771 | D:15     | Reached skill level 15 in Armour
 54889 | D:15     | Found a staircase to the Depths.
 55484 | Bazaar   | Entered a bazaar
 55484 | Bazaar   | Found Uxkiarchi's Jewellery Shoppe.
 55484 | Bazaar   | Found Purghyu's Weapon Shoppe.
 55484 | Bazaar   | Found Riorett's Distillery.
 55512 | Bazaar   | Bought a potion of heal wounds for 80 gold pieces
 55512 | Bazaar   | Bought 2 potions of resistance for 320 gold pieces
 55512 | Bazaar   | Bought a potion of mutation for 128 gold pieces
 55512 | Bazaar   | Bought a potion of curing for 48 gold pieces
 55664 | Vaults:1 | Entered Level 1 of the Vaults
 55812 | Vaults:1 | Found Fiylidgh's Weapon Shoppe.
 56169 | Vaults:1 | Identified the +9 falchion of graymark's Slow Death {drain,
                  | Str+2}
 56544 | Vaults:1 | Gained mutation: Your melee attacks may debilitate your
                  | foes. [demonic ancestry]
 56544 | Vaults:1 | Reached XP level 20. HP: 144/166 MP: 25/34
 57001 | Abyss:3  | Cast into level 3 of the Abyss (vault warden)
 57139 | Abyss:3  | Paralysed by accursed screaming for 1 turns
 57286 | Abyss:3  | Reached skill level 15 in Axes
 57347 | Vaults:1 | Escaped the Abyss
 57908 | Vaults:2 | Reached skill level 17 in Fighting
 58780 | Vaults:2 | Noticed Bai Suzhen
 58806 | Vaults:2 | Killed Bai Suzhen
 58968 | Vaults:2 | Noticed Aizul
 58981 | Vaults:2 | Killed Aizul
 59897 | Vaults:3 | Gained mutation: You are surrounded by an aura of silence.
                  | [demonic ancestry]
 59897 | Vaults:3 | Reached XP level 21. HP: 172/172 MP: 26/35
 60212 | Vaults:3 | Found a staircase to the Crypt.
 60464 | Vaults:3 | Found Vued's Antique Armour Emporium.
 61143 | Vaults:4 | Reached skill level 10 in Shields
 61322 | Vaults:4 | Found a crumbling gateway.
 61337 | Desolati | Entered the Desolation of Salt
 61522 | Desolati | Identified the +2 great sword of the Furious {freeze, *Slow
                  | rCorr Int+7}
 61572 | Desolati | Identified the staff of death "Tiedenih" {rN+ Will+ Int+4}
 61601 | Desolati | Identified the ring "Nacung" {rF- rC+ AC+4 Stlth+}
 61606 | Desolati | Got the Guide on Pollution and Execration
 61688 | Desolati | Reached skill level 18 in Fighting
 61729 | Desolati | Identified the ring "Felaegui" {Fly rElec Will- Str+3}
 61741 | Desolati | Identified the +2 leather armour "Reskuudgh" {Slay+2}
 61897 | Desolati | Found the +9 sword of Power {lifebolt}
 61925 | Desolati | Got Sif Muna's Essays on Curses and Modification
 62148 | Desolati | Identified the +0 arbalest "Etokkuec" {flame, rN+}
 62167 | Desolati | Got the Omnibus of the Rotting Atmosphere
 62178 | Desolati | Identified the +8 arbalest of the Heavens {freeze, rPois}
 62895 | Vaults:4 | Reached XP level 22. HP: 184/184 MP: 27/36
 62975 | Vaults:4 | Noticed Saint Roka
 63475 | Vaults:4 | Killed Saint Roka
 63652 | Vaults:5 | Entered Level 5 of the Vaults
 63918 | Vaults:5 | Noticed an ancient lich
 64234 | Vaults:5 | Noticed a dread lich
 64253 | Vaults:5 | Killed a dread lich
 64286 | Vaults:5 | Noticed a golden dragon
 64294 | Vaults:5 | Killed a golden dragon
 64406 | Vaults:5 | Got Unwaf's Atlas of Snow-white Beguiling
 64685 | Vaults:5 | Identified the staff of fire "Ziurazul" {rF+ rN+ Int+4}
 64759 | Vaults:5 | Identified the +1 dagger "Xatzis" {flame, rPois rN+ Dex-4}
 64780 | Vaults:5 | Got a silver rune of Zot
 65078 | Vaults:5 | Killed an ancient lich
 65089 | Vaults:5 | Reached skill level 19 in Fighting
 65200 | Vaults:5 | Noticed a golden dragon
 65240 | Vaults:5 | Identified the +6 war axe "Jicoclen" {heavy, rF+ Str-2
                  | Dex+3 Stlth+}
 65247 | Vaults:5 | Killed a golden dragon
 65354 | Vaults:5 | Identified the ring of Relativism {+Blink rElec rPois AC+4}
 65364 | Vaults:5 | Identified the staff of conjuration "Omeranuq" {rPois rF-
                  | Str+2}
 65370 | Vaults:5 | Identified the +0 chain mail "Piprej" {Int-2 Dex+3 SInv}
 65371 | Vaults:5 | Identified the +1 chain mail "Eniroof" {Str+2 Stlth+}
 65372 | Vaults:5 | Identified the staff of conjuration "Noeximaa" {Dex+2}
 65379 | Vaults:5 | Identified the staff of conjuration "Hacuesom" {rF+}
 65549 | Vaults:5 | Identified the +9 great mace "Qikasa Weuph" {spect, rC++}
 66497 | Spider:4 | Reached XP level 23. HP: 194/194 MP: 28/37
 66970 | Depths:1 | Entered Level 1 of the Depths
 67059 | Depths:1 | Found a one-way gate to the infinite horrors of the Abyss.
 67453 | Depths:1 | Found the +9 sword of Zonguldrok {reap}
 67949 | Depths:1 | Reached skill level 20 in Fighting
 68162 | Depths:1 | Found a gateway to Hell.
 68267 | Depths:2 | Found a one-way gate leading to the halls of Pandemonium.
 68376 | Depths:2 | Identified the +3 falchion "Waobbat" {speed, rN++ rCorr}
 68547 | Depths:2 | Found a runed translucent gate.
 68547 | Depths:2 | Found a runed translucent gate.
 68547 | Depths:2 | Found a runed translucent gate.
 68547 | Depths:2 | Noticed a dread lich
 68547 | Depths:2 | Noticed a dread lich
 68547 | Depths:2 | Noticed Poanarph's ghost (veteran GrVM)
 68591 | Depths:2 | Found a one-way gateway to a ziggurat.
 69320 | Depths:2 | Identified the +3 sling "Zeipotos" {speed, rElec Int-5
                  | SInv}
 69457 | Depths:2 | Noticed Sojobo
 69472 | Depths:2 | Killed Sojobo
 69702 | Depths:3 | Paralysed by a floating eye for 3 turns
 69707 | Depths:3 | Paralysed by a floating eye for 4 turns
 70250 | Depths:3 | Noticed Parghit
 70403 | Depths:3 | Paralysed by a floating eye for 3 turns
 70449 | Depths:3 | Found an ancient bone altar of Kikubaaqudgha.
 70572 | Depths:3 | Noticed a juggernaut
 70579 | Depths:3 | Reached skill level 21 in Fighting
 70757 | Depths:3 | Noticed a caustic shrike
 70774 | Depths:3 | Killed a caustic shrike
 70829 | Depths:3 | Found a runed translucent gate.
 70829 | Depths:3 | Found a runed translucent gate.
 70829 | Depths:3 | Found a runed translucent gate.
 70829 | Depths:3 | Noticed Ubraesch's ghost (adept TrMo)
 71141 | Depths:3 | Gained mutation: A meltable icy envelope protects you from
                  | harm. (AC +8) [demonic ancestry]
 71141 | Depths:3 | Reached XP level 24. HP: 191/208 MP: 28/37
 71179 | Depths:3 | Noticed a juggernaut
 71202 | Depths:3 | Killed a juggernaut
 71301 | Depths:3 | Killed a juggernaut
 71622 | Depths:3 | Killed Parghit
 71779 | Depths:4 | Entered Level 4 of the Depths
 71836 | Depths:4 | Noticed a juggernaut
 71861 | Depths:4 | Killed a juggernaut
 72062 | Depths:4 | Found a basalt altar of Yredelemnul.
 72333 | Depths:4 | Found a gate to the Realm of Zot.
 72853 | Depths:4 | Reached skill level 22 in Fighting
 72860 | Depths:4 | Found Big Baal Hell's Store.
 72907 | Depths:4 | Bought the ring of Sosemeq {Will+ Dex+5} for 2805 gold
                  | pieces
 73070 | Depths:3 | Killed Ubraesch's ghost
 73085 | Depths:3 | Identified the +1 cloak "Trusted Companion" {+Blink rC+
                  | Str-5 Dex+7}
 73187 | Depths:3 | Voluntarily entered the Abyss.
 73325 | Abyss:3  | Gained mutation: You are frail. (-10% HP) [a neqoxec]
 73545 | Abyss:3  | Found a corrupted altar of Lugonu.
 73788 | Abyss:3  | Noticed an ancient lich
 73799 | Abyss:3  | Killed an ancient lich
 73803 | Abyss:3  | Paralysed by accursed screaming for 2 turns
 74399 | Abyss:4  | Found a corrupted altar of Lugonu.
 74403 | Abyss:4  | Found a corrupted altar of Lugonu.
 74408 | Abyss:4  | Found a corrupted altar of Lugonu.
 74408 | Abyss:4  | Found a corrupted altar of Lugonu.
 74454 | Abyss:4  | Found a corrupted altar of Lugonu.
 74706 | Abyss:4  | Reached skill level 15 in Shields
 74736 | Abyss:4  | Gained mutation: You are powered by pain. [demonic
                  | ancestry]
 74736 | Abyss:4  | Reached XP level 25. HP: 197/197 MP: 28/37
 74874 | Abyss:4  | Paralysed by accursed screaming for 1 turns
 74897 | Abyss:4  | Paralysed by you for 5 turns
 75003 | Depths:3 | Escaped the Abyss
 75331 | Depths:3 | Voluntarily entered the Abyss.
 75383 | Abyss:4  | Reached skill level 23 in Fighting
 75428 | Abyss:4  | Found a corrupted altar of Lugonu.
 75736 | Abyss:4  | Lost mutation: You are frail. (-10% HP) [a cacodemon]
 75805 | Depths:3 | Escaped the Abyss
 76063 | Depths:3 | Voluntarily entered the Abyss.
 76348 | Abyss:5  | Paralysed by accursed screaming for 1 turns
 76367 | Abyss:5  | Paralysed by accursed screaming for 2 turns
 76376 | Abyss:5  | Paralysed by accursed screaming for 2 turns
 76401 | Depths:3 | Escaped the Abyss
 77003 | Crypt:1  | Entered Level 1 of the Crypt
 77241 | Crypt:1  | Found a transporter.
 77243 | Crypt:1  | Noticed a dread lich
 77244 | Crypt:1  | Noticed an ancient lich
 77246 | Crypt:1  | Noticed a dread lich
 77278 | Crypt:1  | Found a transporter.
 77294 | Crypt:1  | Found a transporter.
 77319 | Crypt:1  | Found a transporter.
 77319 | Crypt:1  | Found a transporter.
 77972 | Crypt:2  | Paralysed by a vampire knight for 4 turns
 78519 | Crypt:2  | Identified the +0 helmet "Raofeeg" {Str+4}
 78629 | Crypt:3  | Entered Level 3 of the Crypt
 79826 | Crypt:3  | Found a staircase to the Tomb.
 80130 | Crypt:3  | Reached XP level 26. HP: 231/231 MP: 29/38
 80224 | Crypt:3  | Got the Dissertation on Spectres
 80312 | Crypt:3  | Found an ancient bone altar of Kikubaaqudgha.
 80312 | Crypt:3  | Found a basalt altar of Yredelemnul.
 80725 | Crypt:3  | Reached skill level 24 in Fighting
 80904 | Crypt:3  | Identified the ring "Ebeosche" {rN+ Int+3}
 80904 | Crypt:3  | Identified the ring of the Will of the Gods {rF+ rC+ rN+
                  | rCorr}
 80904 | Crypt:3  | Identified the ring "Gapsucwa" {rN+ Str+2}
 80948 | Crypt:3  | Acquired a manual of Dodging
 80952 | Crypt:3  | Identified the staff of conjuration "Veigu" {rN+ rCorr
                  | Str-2 Dex+3}
 81317 | Depths:1 | Voluntarily entered the Abyss.
 81399 | Abyss:5  | Noticed an ancient lich
 81424 | Abyss:5  | Killed an ancient lich
 81448 | Abyss:5  | Gained mutation: You occasionally lose the ability to drink
                  | potions when taking damage. [a neqoxec]
 81449 | Abyss:5  | Gained mutation: Your body sometimes deteriorates upon
                  | taking damage. [a neqoxec]
 81481 | Abyss:5  | Found a corrupted altar of Lugonu.
 81492 | Abyss:5  | Got an abyssal rune of Zot
 81503 | Depths:1 | Escaped the Abyss
 81576 | Depths:1 | Lost mutation: Your flesh is cold resistant. (rC+) [potion
                  | of mutation]
 81576 | Depths:1 | Lost mutation: Your spells are a little harder to cast, but
                  | a little more powerful. [potion of mutation]
 81576 | Depths:1 | Lost mutation: You occasionally lose the ability to drink
                  | potions when taking damage. [potion of mutation]
 81576 | Depths:1 | Gained mutation: Your movements are slightly less
                  | encumbered by armour. (ER -2) [potion of mutation]
 81987 | Slime:1  | Entered Level 1 of the Pits of Slime
 81992 | Slime:1  | Gained mutation: Your magical capacity is low. (-10% MP) [a
                  | shining eye]
 82309 | Slime:2  | Gained mutation: You sometimes lose your temper in combat.
                  | [a shining eye]
 82314 | Slime:2  | Gained mutation: Your spells are a little easier to cast,
                  | but a little less powerful. [a shining eye]
 82366 | Slime:3  | Noticed Dissolution
 82373 | Slime:3  | Paralysed by a great orb of eyes for 4 turns
 82508 | Slime:2  | Lost mutation: Your body sometimes deteriorates upon taking
                  | damage. [potion of mutation]
 82508 | Slime:2  | Lost mutation: Your movements are slightly less encumbered
                  | by armour. (ER -2) [potion of mutation]
 82508 | Slime:2  | Gained mutation: You occasionally lose the ability to drink
                  | potions when taking damage. [potion of mutation]
 82528 | Slime:4  | Paralysed by a great orb of eyes for 4 turns
 82607 | Slime:4  | Lost mutation: Your magical capacity is low. (-10% MP)
                  | [potion of mutation]
 82607 | Slime:4  | Lost mutation: You occasionally lose the ability to drink
                  | potions when taking damage. [potion of mutation]
 82607 | Slime:4  | Gained mutation: You are weak. (Str -2) [potion of
                  | mutation]
 82607 | Slime:4  | Gained mutation: You are agile. (Dex +4, Str/Int -1)
                  | [potion of mutation]
 82607 | Slime:4  | Lost mutation: Your spells are a little easier to cast, but
                  | a little less powerful. [potion of mutation]
 82607 | Slime:4  | Gained mutation: You expend magic power (3 MP) to
                  | strengthen your wands. [potion of mutation]
 82627 | Slime:5  | Entered Level 5 of the Pits of Slime
 83075 | Slime:5  | Gained mutation: Your body sometimes deteriorates upon
                  | taking damage. [a shining eye]
 83076 | Slime:5  | Gained mutation: You have an uncontrollable temper. [a
                  | shining eye]
 83082 | Slime:5  | Gained mutation: You are dopey. (Int -2) [a shining eye]
 83093 | Slime:5  | Gained mutation: You are very weak. (Str -4) [a shining
                  | eye]
 83094 | Slime:5  | Gained mutation: You occasionally lose the ability to drink
                  | potions when taking damage. [a shining eye]
 83188 | Slime:5  | Noticed the Royal Jelly
 83359 | Slime:5  | Found a viscous altar of Jiyva.
 83401 | Slime:5  | Gained mutation: Your magical capacity is low. (-10% MP) [a
                  | shining eye]
 83727 | Slime:5  | Killed the Royal Jelly
 83976 | Slime:5  | Identified the +2 helmet "Hoeliwk" {rF+ rC+ rCorr Str-4}
 84010 | Slime:5  | Got a slimy rune of Zot
 84016 | Slime:5  | Identified the +4 leather armour of Zin's Scorn {+Inv
                  | Dex+4}
 84018 | Slime:5  | Identified the +2 leather armour of the Moon Troll {Stlth+}
 84105 | Slime:5  | Identified the +13 crystal plate armour of Generosity
                  | {Drain rPois Regen+ Stlth+}
 84328 | Lair:5   | Lost mutation: You are agile. (Dex +4, Str/Int -1) [potion
                  | of mutation]
 84328 | Lair:5   | Lost mutation: You expend magic power (3 MP) to strengthen
                  | your wands. [potion of mutation]
 84328 | Lair:5   | Gained mutation: You are covered in fur. (AC +1) [potion of
                  | mutation]
 84328 | Lair:5   | Gained mutation: You are agile. (Dex +4, Str/Int -1)
                  | [potion of mutation]
 84329 | Lair:5   | Lost mutation: Your magical capacity is low. (-10% MP)
                  | [potion of mutation]
 84329 | Lair:5   | Lost mutation: You occasionally lose the ability to drink
                  | potions when taking damage. [potion of mutation]
 84329 | Lair:5   | Lost mutation: You are very weak. (Str -4) [potion of
                  | mutation]
 84329 | Lair:5   | Lost mutation: Your body sometimes deteriorates upon taking
                  | damage. [potion of mutation]
 84329 | Lair:5   | Gained mutation: Your spells are a little harder to cast,
                  | but a little more powerful. [potion of mutation]
 84330 | Lair:5   | Lost mutation: You are agile. (Dex +4, Str/Int -1) [potion
                  | of mutation]
 84330 | Lair:5   | Lost mutation: You are weak. (Str -2) [potion of mutation]
 84330 | Lair:5   | Gained mutation: You are very dopey. (Int -4) [potion of
                  | mutation]
 84330 | Lair:5   | Gained mutation: You occasionally lose the ability to read
                  | scrolls when taking damage. [potion of mutation]
 84330 | Lair:5   | Gained mutation: Your system is resistant to poisons.
                  | (rPois) [potion of mutation]
 84331 | Lair:5   | Lost mutation: Your system is resistant to poisons. (rPois)
                  | [potion of mutation]
 84331 | Lair:5   | Lost mutation: You occasionally lose the ability to read
                  | scrolls when taking damage. [potion of mutation]
 84331 | Lair:5   | Lost mutation: You have an uncontrollable temper. [potion
                  | of mutation]
 84331 | Lair:5   | Gained mutation: Your flesh is cold resistant. (rC+)
                  | [potion of mutation]
 84332 | Lair:5   | Lost mutation: Your spells are a little harder to cast, but
                  | a little more powerful. [potion of mutation]
 84332 | Lair:5   | Lost mutation: You are covered in fur. (AC +1) [potion of
                  | mutation]
 84332 | Lair:5   | Lost mutation: You sometimes lose your temper in combat.
                  | [potion of mutation]
 84332 | Lair:5   | Gained mutation: Potions are less effective at restoring
                  | your health. [potion of mutation]
 84332 | Lair:5   | Gained mutation: You have a beak for a mouth. [potion of
                  | mutation]
 84635 | Pan      | Entered Pandemonium
 84787 | Pan      | Noticed Tytuof the pandemonium lord
 84809 | Pan      | Killed Tytuof the pandemonium lord
 84843 | Pan      | Gained mutation: Your body sometimes deteriorates upon
                  | taking damage. [a cacodemon]
 84845 | Pan      | Lost mutation: You are very dopey. (Int -4) [a cacodemon]
 85300 | Pan      | Killed from afar by a Brimstone Fiend

Illustrated notes

Levels and vault maps discovered:
D:1:      lemuel_arrival_behind_the_door_large, layout_basic,
          shapermc_ecumenical_altar_pompeii, minmay_rat_gold_closets
D:2:      layout_basic
D:3:      layout_basic, nicolae_ashenzari_panopticon,
          mainiacjoe_overflow_catwalk, nemelex_xobeh_ov_fountains_minmay,
          serial_shops, shop
D:4:      kennysheep_big_flooded_room, layout_loops_ring,
          mainiacjoe_overflow_alcove_1, lightli_temple_of_fire
D:5:      layout_loops_corners, minivault_27, supply_closet_lemuel,
          uniq_grinder, uniq_sigmund, uniq_duvessa
D:6:      layout_basic, minmay_temple_entry_steel_oval, portal_sewer_entry_a,
          st_stairs_14, minmay_misc_feat_four_crosses, lightli_church_of_beogh,
          uniq_pikel, uniq_menkaure
D:7:      layout_basic, enter_bailey_1, minmay_misc_feat_hallway
D:8:      layout_basic, beargit_hepliaklqana_dungeon_heroes
D:9:      layout_roguey [special_room_kobold], st_stairs_7, chequers_arboretum
D:10:     layout_gridville, kennysheep_slug_shrine, david_lair_shrubbed,
          nicolae_water_bricks, uniq_maggie, uniq_urug
D:11:     layout_basic, hiddenorc2_lemuel, serial_shops, shop
D:12:     layout_loops_ring, kennysheep_doodads
D:13:     layout_rooms, lightli_vaults_fourway_checkpoint
D:14:     layout_rooms, chequers_garden
D:15:     grunt_enter_depths_hoard, layout_stronghold, okawaru_metal_pillars_1_2
Temple:   hellmonk_temple_divided_pantheon
Lair:1:   layout_roguey
Lair:2:   gammafunk_indiana_jones, layout_gridlike,
          hellmonk_spider_entry_not_the_bees, grunt_megastairs_2
Lair:3:   hellmonk_ruined_rings, layout_regular_city, minmay_swamp_entry_worms,
          infiniplex_staircase_pool
Lair:4:   layout_small_grid, gauntlet_entry_generic
Lair:5:   hangedman_lair_in_review, layout_gridlike, slime_entry_1, basic_altar,
          st_stairs_9, kennysheep_abandoned_house, lemuel_fruit_fields
Swamp:1:  layout_basic_swamp, evilmike_swamp_ruin_house_3
Swamp:2:  layout_basic_swamp, hangedman_swamp_blocks, swamp_pool2
Swamp:3:  layout_falls_marsh, evilmike_swamp_ruin_rubble_1, swamp_pool4,
          infiniplex_staircase_pool_2
Swamp:4:  grunt_swamp_rune_castle, layout_basic_swamp, swamp_pool2,
          grunt_witch_cave
Spider:1: nicolae_spider_corner, nicolae_spider_solar_radiation, uniq_nikola
Spider:2: layout_spider_delve, einodemon_crawler_minivault
Spider:3: gammafunk_sealed_arena, portal_ice_cave_entry_pillars_1, drop_trap,
          nicolae_crawler_farm, uniq_asterion
Spider:4: hellmonk_spider_rune_endless_swarm, uniq_arachne
Slime:1:  layout_caves
Slime:2:  layout_caves
Slime:3:  layout_caves, uniq_dissolution
Slime:4:  layout_caves
Slime:5
Orc:1:    layout_caves, basic_altar
Orc:2:    kennysheep_orc_mage_school, layout_caves, serial_shops, shop,
          basic_altar
Elf:1:    layout_geoelf_octagon, serial_shops, bzr_entry_lakeside,
          gammafunk_ghost_ooze, minivault_28, minmay_shop_star
Elf:2:    elven_hall_of_blades_hangedman_original [nicolae_blade_lattice],
          layout_geoelf_octagon, hellmonk_ghost_big_iron, uniq_louise
Elf:3:    minmay_elf_hall_four_x, layout_loops_ring, hangedman_elf_disciples
Vaults:1: ontoclasm_vaults_tryst, v_alt_pattern_2,
          nicolae_vaults_taking_the_gang_shopping,
          nicolae_vaults_three_branches, st_eye, ontoclasm_vaults_bender,
          nicolae_vaults_oval_intersection, vaults_room_grunt_arrival_ludios,
          nicolae_vaults_storage_room_statues, nicolae_vaults_little_squares_3,
          grunt_vaults_trifunnel, grunt_vaults_hallway_long, layout_vaults_maze
Vaults:2: nicolae_vaults_trapezoid_4, st_quartered_hall, grunt_vaults_bifocal,
          nicolae_vaults_trapezoid_1, nicolae_vaults_mini_display_case,
          hangedman_vaults_river_flow, v_misc_28, nicolae_vaults_what_the_h,
          ontoclasm_vaults_ligature, ontoclasm_vaults_loading_screen,
          nicolae_vaults_double_plus_1, layout_vaults_chaotic_city,
          uniq_bai_suzhen, uniq_aizul
Vaults:3: ontoclasm_vaults_water_temple, minmay_crypt_entry_simple_plaza,
          grunt_vaults_focal, v_rooms_1, hangedman_vaults_snaps,
          ontoclasm_vaults_ring_small, v_alt_pattern_2,
          nicolae_vaults_lightning_bolt, vaults_mumra_lcd, vaults_room_grid,
          nicolae_vaults_two_Ls, layout_vaults_omnibox, serial_shops,
          nicolae_shop_tiny_waterfront
Vaults:4: portal_desolation_entry_nicolae_nacl, hangedman_vaults_corner,
          nicolae_vaults_house_3, hangedman_vaults_stream, v_misc_24, v_rooms_5,
          ontoclasm_vaults_shuriken, nicolae_vaults_house_2,
          nicolae_vaults_tetromino_Z_1, vaults_mumra_hex, vaults_dpeg_doors,
          nicolae_vaults_diagonal_hallway_6, nicolae_vaults_little_squares_1,
          nicolae_vaults_double_plus_2, layout_vaults_ring, uniq_saint_roka
Vaults:5: serial_shops
Crypt:1:  gammafunk_the_bubble [the_bubble_gammafunk_roulette], layout_rooms,
          lemuel_upstairs_altar, grunt_crypt_arrival_split, uniq_margery
Crypt:2:  layout_regular_city
Crypt:3:  lightli_unholy_cathedral, layout_chaotic_city
Depths:1: layout_basic, hangedman_abyss_entry_splay, kennysheep_another_room,
          hangedman_coc_ice_floe, minmay_guarded_unrand_zonguldrok,
          serial_bayou_shore_a
Depths:2: minmay_tri_box, layout_gridlike, enter_ziggurat_f,
          minmay_misc_feat_iff, hell_entry, grunt_pan_entry_spiral,
          gammafunk_ghost_necromancy, abyss_entry, serial_bayou_ford_a,
          infiniplex_staircase_trident, uniq_sojobo
Depths:3: nicolae_hexawheel, layout_basic, abyss_entry_small_statue_room,
          lightli_too_deep, kiku_gazebo_garden_becter,
          biasface_ghost_demon_polymorph, serial_glass, glass_columns_c,
          glass_columns_b, glass_columns_a, glass_columns_b,
          due_unseen_surprise, uniq_parghit
Depths:4: grunt_zot_entry_bicorn, layout_gridlike, corexii_hall_statues_u,
          nicolae_hell_entry_big_baal_hell, yredelemnul_forgotten_temple_becter,
          serial_bayou_shore_b
Pan:      evilmike_mini_pan_doors, layout_cellular_growth,
          nicolae_pan_gloorx_vloqian_2, nicolae_pan_door_chamber, layout_cross

Skill      XL: |  1  2  3  4  5  6  7  8  9 10 11 12 13 14 15 16 17 18 19 20 21 22 23 24 25 26 |
---------------+-------------------------------------------------------------------------------+-----
Polearms       | 2 3 4 5 6 7 8 9 10 | 10.0
Dodging        | 1 2 3 4 5 6 8 10 12 13 14 15 16 17 18 19 20 21 22 | 22.8
Armour         | 3 4 5 6 7 8 9 10 12 13 14 15 16 17 18 19 20 21 | 21.5
Shields        | 3 4 5 7 9 11 12 13 15 16 | 16.6
Fighting       | 4 5 6 7 8 9 10 11 12 13 14 15 16 17 18 19 21 22 23 24 | 24.0
Invocations    | 3 6 8 10 12 14 16 18 19 20 21 22 | 22.3
Axes           | 4 9 12 13 14 15 16 17 | 17.5

Action                     |  1- 3 |  4- 6 |  7- 9 | 10-12 | 13-15 | 16-18 | 19-21 | 22-24 | 25-27 || total
---------------------------+-------+-------+-------+-------+-------+-------+-------+-------+-------++-------
  Melee: Trident           |   124 |   142 |   354 |   552 |  1120 |    39 |       |       |       ||  2331
         Spear             |       |       |       |   887 |   461 |    92 |       |       |       ||  1440
         Broad axe         |       |       |       |       |   504 |  1803 |  2157 |  2382 |  1942 ||  8788
         War axe           |       |       |       |       |       |       |       |   115 |       ||   115
         Peck              |       |       |       |       |       |       |       |       |    67 ||    67
  Throw: Throwing net      |       |       |       |     1 |       |       |       |       |       ||     1
         Stone             |       |       |       |     2 |    10 |       |       |       |       ||    12
 Invoke: Foxfire Swarm     |       |     1 |     5 |       |       |       |       |       |       ||     6
         Fiery Armour      |       |     1 |     2 |       |       |       |       |       |       ||     3
         Rising Flame      |       |       |     1 |       |       |       |       |       |       ||     1
         Renounce Religion |       |       |     1 |       |       |       |       |       |       ||     1
         Lesser Servant of |       |       |       |     5 |     9 |     6 |       |     4 |       ||    24
         Major Destruction |       |       |       |       |     3 |       |       |       |     1 ||     4
         Greater Servant o |       |       |       |       |     3 |    10 |     2 |     5 |     7 ||    27
Ability: Evoke Blink       |       |       |       |       |     1 |       |       |       |       ||     1
  Evoke: Wand              |       |       |       |       |    23 |    24 |     8 |    10 |     2 ||    67
         Tin of tremorston |       |       |       |       |       |       |       |     1 |       ||     1
         Lightning rod     |       |       |       |       |       |       |       |     1 |       ||     1
    Use: Scroll            |       |     7 |     4 |    18 |    10 |    10 |     7 |    13 |     8 ||    77
         Potion            |       |       |     9 |     5 |     5 |     9 |       |     4 |    19 ||    51
   Stab: Held in net/web   |       |       |       |     1 |       |       |       |       |       ||     1
         Distracted        |       |       |       |       |     6 |     2 |     2 |     6 |     2 ||    18
         Petrified         |       |       |       |       |     7 |       |       |       |       ||     7
         Confused          |       |       |       |       |       |     3 |       |       |       ||     3
         Paralysed         |       |       |       |       |       |       |       |       |     2 ||     2
 Armour: Scale mail        |    29 |    25 |       |       |   172 |   213 |       |       |   118 ||   557
         Ring mail         |       |     2 |    61 |   255 |   349 |       |       |       |       ||   667
         Chain mail        |       |       |       |       |       |   415 |   513 |   391 |       ||  1319
         Gold dragon scale |       |       |       |       |       |       |       |   185 |   356 ||   541
  Dodge: Dodged            |    29 |    22 |    87 |   397 |   932 |   772 |   762 |   630 |   545 ||  4176
  Block: Buckler           |    41 |    77 |   225 |   752 |  1475 |  2096 |  1051 |       |       ||  5717
         Reflection        |       |       |       |       |       |    85 |    79 |    53 |    34 ||   251
         Kite shield       |       |       |       |       |       |       |  1719 |  2983 |  1319 ||  6021
         Tower shield      |       |       |       |       |       |       |       |       |  1329 ||  1329
